 Dungeon Crawl Stone Soup version 0.31.0-9-g3a7656b989 (webtiles) character file.

Game seed: 12234409833467802473

45 SnakkuSnakku7 the Shooter (level 3, -1/28 HPs)
             Began as a Djinni Hunter on Jan 24, 2024.
             Was a Follower of Ru.
             Slain by an orc
             ... wielding a +0 club
              (2 damage)
             ... on level 2 of the Dungeon.
             The game lasted 00:01:39 (1028 turns).

SnakkuSnakku7 the Shooter (Djinni Hunter)           Turns: 1028, Time: 00:01:40

Health: -1/28      AC:  3    Str: 10    XL:     3   Next: 90%
Gold:   25         EV: 12    Int: 10    God:    Ru [*.....] SH:  0 Dex: 18

rFire   + + .        a - +0 shortbow
rCold   x . .        (shield currently unavailable)
rNeg    . . .        c - +0 leather armour
rPois   ∞            (no helmet)
rElec   .            (no cloak)
rCorr   .            (no gloves)
SInv    .            (boots unavailable)
Will    .....        (no amulet)
Stlth   ++           (no ring)
HPRegen 0.24/turn    (no ring)
MPRegen 0.00/turn

%: inaccuracy (-5), infuse magic (-2 HP)
@: flying
A: sickness immunity, fire resistance 2, cold vulnerability 1, missing an eye,
float, innate caster, HP casting, extra vitality 1
a: Renounce Religion


You were on level 2 of the Dungeon.
You worshipped Ru.
Ru was aware of your devotion.
You visited 1 branch of the dungeon, and saw 2 of its levels.

You collected 25 gold pieces.

Inventory:

Hand Weapons
 a - a +0 shortbow (weapon)
Armour
 c - a +0 leather armour (worn)
Scrolls
 b - a scroll of butterflies
 d - a scroll of identify {unknown}
 e - a scroll of teleportation {unknown}
 f - a scroll of amnesia {unknown}
 g - a scroll of silence {unknown}


   Skills:
 - Level 2.0 Fighting
 + Level 4.3 Ranged Weapons
 - Level 2.1 Dodging
 - Level 0.7 Stealth


You knew the following spells:

 Your Spells              Type           Power      Damage    Failure   Level
a - Apportation           Tloc           0%         N/A       45%         1
Your spell library was empty.

Dungeon Overview and Level Annotations

Branches:
Dungeon (2/15)

Altars:
Ru

Annotations:
D:2 Sigmund, Terence


Innate Abilities, Weirdness & Mutations

You are immune to sickness and miasma.
You are immune to poison.
Your flesh is very heat resistant. (rF++)
You are vulnerable to cold. (rC-)
You are missing an eye, making it more difficult to aim.
You float through the air rather than walking.
You learn spells naturally, not from books.
Your magical power is your life essence.
You have superior vitality. (+4 MHP)


Message History

You shoot an arrow. The arrow hits the ribbon worm!
You kill the ribbon worm!
Unknown command.
Fire: a) +0 shortbow
Press: ? - help, Q - select action, (/) - cycle Shift-Dir - straight line, f - you Really target yourself?
Okay, then.
Unknown command.
You start resting.
HP restored.
An endoplasm comes into view.
An endoplasm is nearby!
You shoot an arrow. The arrow hits the endoplasm!
You kill the endoplasm!
No target in view!
No target in view! 3 orcs come into view.
The orc shouts!
There are monsters nearby!
You shoot an arrow. The arrow hits the orc.
The orc is heavily wounded.
You shoot an arrow. The arrow hits the orc.
The orc is almost dead.
An orc priest comes into view. It is wielding a +0 trident.
The orc barely misses you.
You shoot an arrow. The orc priest shouts!
The arrow hits the orc.
You kill the orc!
An orc comes into view. It is wielding a +0 dagger.
The orc priest mumbles some strange prayers to Beogh against you.
Beogh smites you! The orc attacks as it pursues you!
The orc closely misses you. The orc attacks as it pursues you!
The orc hits you with a +0 club.
The orc priest calls down the wrath of Beogh upon you.
Beogh smites you!
Ouch! That really hurt!
* * * LOW HITPOINT WARNING * * *
The orc attacks as it pursues you! The orc hits you with a +0 club.
You die...

######..### #...........#
#.....>## ###.###.......#
#.####w# #.......#####.# #.#
#.### #.......# #.#
#...##### #.......#
#.######.....### #.......#
##.#........#...#####.#####
#.# #...........###.....#.#
#.#
#...........#...@o..o.######
#.#
#...........#......##..o...#
#.#
#....)......#......##.####.#
#.# #.....†.....#......##.#
#.# #.#
#.....................# #o##
#.# #...........#.........#
#..###.#
#......##.###.........#
##.....# ##.#...##.#
########### #####..
#......#.# #######.#


You could see an orc priest and 2 orcs.

Vanquished Creatures
  An adder (D:2)
  A dart slug (D:2)
  A ribbon worm (D:2)
  An orc (D:2)
  5 endoplasms
  A giant cockroach (D:1)
  3 goblins (D:1)
  4 hobgoblins
  A quokka (D:1)
  4 bats (D:1)
  2 frilled lizards
  4 kobolds (D:1)
  A rat (D:1)
29 creatures vanquished.

Notes
Turn   | Place    | Note
-------+----------+-------------------------------------------
     0 | D:1      | SnakkuSnakku7 the Djinni Hunter began the quest for the
                  | Orb.
     0 | D:1      | Reached XP level 1. HP: 18/18 MP: 0/0
    51 | D:1      | Reached XP level 2. HP: 18/23 MP: 0/0
   206 | D:1      | Reached XP level 3. HP: 22/28 MP: 0/0
   206 | D:1      | Learned a level 1 spell: Apportation
   219 | D:1      | Reached skill level 4 in Ranged Weapons
   331 | D:1      | Found a faded altar of an unknown god.
   339 | D:1      | Prayed at the altar of an unknown god.
   339 | D:1      | Became a worshipper of Ru the Awakened
   344 | D:1      | Gained mutation: You are missing an eye, making it more
                  | difficult to aim. [Ru sacrifice]
   344 | D:1      | Reached * piety under Ru
   493 | D:2      | Noticed Sigmund
   522 | D:2      | Noticed Terence
   536 | D:2      | HP: 1/28 [Terence/+0 short sword (3)]
  1027 | D:2      | HP: 1/28 [orc priest/divine providence (14)]
  1028 | D:2      | Slain by an orc

Illustrated notes

Levels and vault maps discovered:
D:1:      dreamdust_arrival_beginning_and_end, layout_rooms,
          hellmonk_ecumenical_altar_slurped_away, skrybe_limestone_x,
          chequers_serial_rivers_micro_e
D:2:      layout_basic, uniq_terence, uniq_robin, uniq_sigmund

Skill      XL: |  1  2  3 |
---------------+----------+-----
Ranged Weapons | 4 |  4.3
Fighting       | |  2.0
Dodging        | |  2.1
Stealth        | |  0.7

Action                     || total
---------------------------++-------
   Fire: Shortbow          ||   105
 Invoke: Sacrifice an Eye  ||     1
 Armour: Leather armour    ||    47
  Dodge: Dodged            ||    37
